 Dungeon Crawl Stone Soup version 0.28-a0-8-g6e044cfa68 (webtiles) character file.

Game seed: 10848978238070444928

12602 jt the Grappler (level 11, -13/102 HPs)
             Began as a Ghoul Monk on July 24, 2021.
             Was a High Priest of Vehumet.
             Mangled by a two-headed ogre (22 damage)
             ... on level 10 of the Dungeon.
             The game lasted 00:39:27 (16083 turns).

jt the Grappler (Ghoul Monk)                       Turns: 16083, Time: 00:39:27

Health: -13/102    AC: 15    Str: 17    XL:     11   Next: 95%
Magic:  13/13      EV:  4    Int: 13    God:    Vehumet [*****.]
Gold:   490        SH: 10    Dex: 11    Spells: 5/14 levels left

rFire   . . .      SeeInvis .     - Unarmed
rCold   + . .      Faith    .   F - +0 kite shield
rNeg    + + +      Spirit   .   i - +0 plate armour
rPois   ∞          Reflect  .   z - +0 helmet
rElec   .          Harm     .   m - +0 cloak
rCorr   .          Rampage  .   (no gloves)
Will    .....                   J - +0 pair of boots
Stlth   ..........              (no amulet)
HPRegen 0.00/turn               V - +6 ring of intelligence
MPRegen 0.13/turn               E - ring of flight

@: flying, inhibited regen
A: claws 1, cold resistance 1, negative energy resistance 3, inhibited
regeneration, torment resistance 2
a: Renounce Religion


You were on level 10 of the Dungeon.
You worshipped Vehumet.
Vehumet was extremely pleased with you.
You visited 3 branches of the dungeon, and saw 13 of its levels.
You also visited: Ossuary.

You collected 670 gold pieces.
You spent 180 gold pieces at shops.

Inventory:

Hand Weapons
 o - a +1 vorpal hunting sling
 p - a +0 war axe
 q - a +1 dagger of venom
 t - a +3 spear
 y - a +0 hand crossbow
 C - a +4 trident
 I - a +2 hand axe of flaming
Missiles
 f - 250 stones
 k - 88 poisoned darts (quivered)
 r - 104 bolts
 x - 7 boomerangs
 H - 71 sling bullets
 Q - 2 curare-tipped darts
 R - 2 javelins
 S - 8 silver javelins
Armour
 i - a +0 plate armour (worn)
 m - a +0 cloak (worn)
 n - a +0 pair of gloves
 z - a +0 helmet (worn)
 D - a +2 leather armour of fire resistance
 F - a +0 kite shield (worn)
 J - a +0 pair of boots (worn)
Magical Staves
 G - a staff of death
Jewellery
 a - a ring of ice
 d - a ring of fire
 e - a ring of fire
 E - a ring of flight (right claw)
 V - a +6 ring of intelligence (left claw)
Wands
 l - a wand of mindburst (10)
 w - a wand of flame (14)
 X - a wand of paralysis (3)
Scrolls
 g - a scroll of fear
 h - 2 scrolls of vulnerability
 s - 4 scrolls of fog
 B - 2 scrolls of identify
 P - 2 scrolls of magic mapping
 U - 3 scrolls of blinking
 Y - 3 scrolls of teleportation
 Z - a scroll of enchant armour
Potions
 b - 4 potions of ambrosia
 c - 3 potions of cancellation
 j - 6 potions of curing
 A - 2 potions of magic
 M - 2 potions of attraction
 N - a potion of haste
 W - 2 potions of might
Miscellaneous
 u - a piece from Xom's chessboard (11/15)
 v - a condenser vane


   Skills:
 + Level 11.1 Fighting
 + Level 1.3 Axes
 - Level 5.0 Armour
 - Level 2.6 Dodging
 - Level 2.1 Stealth
 + Level 7.3 Shields
 + Level 12.2 Unarmed Combat
 - Level 2.0 Spellcasting
 - Level 5.0 Evocations


You had 5 spell levels left.
You knew the following spells:

 Your Spells              Type           Power      Damage    Failure   Level
a - Poisonous Vapours     Pois/Air       2%         N/A       100%        2
b - Orb of Destruction    Conj           0%         N/A       100%        7

Your spell library contained the following spells:

 Spells                   Type           Power      Damage    Failure   Level
 Iron Shot                Conj/Erth      0%         9d1       100%        6
 Magic Dart               Conj           4%         1d3       99%         1
 Call Imp                 Summ           1%         N/A       100%        2
 Ensorcelled Hibernation  Hex/Ice        2%         N/A       100%        2
 Passwall                 Tmut/Erth      0%         N/A       100%        2
 Frozen Ramparts          Ice            2%         1d2       100%        3
 Mephitic Cloud           Conj/Pois/Air  1%         N/A       100%        3
 Ozocubu's Armour         Ice            1%         N/A       100%        3
 Swiftness                Air            1%         N/A       100%        3
 Animate Armour           Summ/Erth      2%         N/A       100%        4
 Summon Ice Beast         Ice/Summ       1%         N/A       100%        4
 Metabolic Englaciation   Hex/Ice        0%         N/A       100%        5
 Invisibility             Hex            0%         N/A       100%        6
 Shadow Creatures         Summ           N/A        N/A       100%        6
 Simulacrum               Ice/Necr       0%         N/A       100%        6
 Spider Form              Tmut/Pois      Unusable   N/A       N/A         3
 Ice Form                 Ice/Tmut       Unusable   N/A       N/A         4
 Blade Hands              Tmut           Unusable   N/A       N/A         5

Dungeon Overview and Level Annotations

Branches:
Dungeon (10/15)            Temple (1/1) D:4            Lair (2/6) D:8
Ossuary (visited)
  Swamp: Lair:2-4    Shoals: Lair:2-4     Snake: Lair:2-4    Spider: Lair:2-4
    Orc: D:9-12

Altars:
Ashenzari
Cheibriados
Dithmenos
Elyvilon
Fedhas
Gozag
Hepliaklqana
Kikubaaqudgha
Makhleb
Nemelex Xobeh
Okawaru
Qazlal
Ru
Sif Muna
Trog
Uskayaw
Vehumet
Wu Jian
Xom
Yredelemnul
Zin
The Shining One

Shops:
D:2 :=?   D:8 (

Annotations:
D:9 2 transporters, Anon1729's ghost, novice OpMo


Innate Abilities, Weirdness & Mutations

You thrive by killing the living.
You are immune to poison.
You have sharp fingernails.
Your flesh is cold resistant. (rC+)
You are immune to negative energy. (rN+++)
You do not regenerate when monsters are visible.
You are immune to unholy pain and torment.


Message History

Okay, then.
You make a move on Xom's chessboard...
The orc warrior appears confused.
You scratch the two-headed ogre but do no damage.
You block the two-headed ogre's attack.
The two-headed ogre hits you with a +0 giant spiked club!
You claw the two-headed ogre!
The two-headed ogre is moderately wounded.
The two-headed ogre hits you with a +0 giant club!
The two-headed ogre hits you with a +0 giant spiked club!
You barely miss the two-headed ogre.
The two-headed ogre is moderately wounded.
The orc warrior closely misses the two-headed ogre.
The orc warrior hits itself with a +0 flail!
The orc warrior closely misses something.
The orc warrior barely misses itself.
The two-headed ogre completely misses you.
The two-headed ogre hits you but does no damage.
You make a move on Xom's chessboard...
The orc twists and deforms.
You make a move on Xom's chessboard...
The orc appears confused.
The orc hits the orc warrior with a +0 mace.
The two-headed ogre barely misses you. You block the two-headed ogre's attack.
Press: ? - help, v - describe, . - travel
Here: a two-headed ogre, wielding a +0 giant club and a +0 giant spiked club (lightly wounded)
The floor.
Aiming: Paralyse
Press: ? - help, Shift-Dir - straight line, f - two-headed ogre
Aim: a two-headed ogre, wielding a +0 giant club and a +0 giant spiked club (lightly wounded, chance to affect: 43%)
The two-headed ogre resists with some effort.
The two-headed ogre hits you with a +0 giant club!
The two-headed ogre hits you with a +0 giant spiked club!!
* * * LOW HITPOINT WARNING * * *
Aiming: Paralyse
Press: ? - help, Shift-Dir - straight line, f/p - two-headed ogre
Aim: a two-headed ogre, wielding a +0 giant club and a +0 giant spiked club (lightly wounded, chance to affect: 43%)
The two-headed ogre resists with some effort.
Something barely misses the orc warrior.
The two-headed ogre hits you with a +0 giant club!
* * * LOW HITPOINT WARNING * * *
The two-headed ogre hits you with a +0 giant spiked club!!
You die...

.#...........#
.#...........#
.#...........#
.#...........#
.#...........#
........#'####
.########.#
.########.########
.......Oo.o..{.O@#
.#################
.# .# .. .# .# .#
.#


You could see a two-headed ogre and an orc warrior (confused).

Vanquished Creatures
  A hydra (Lair:1)
  A two-headed ogre (D:8)
  A cyclops (D:7)
  An ugly thing (D:8)
  2 cane toads
  Maggie (D:7)
  2 komodo dragons
  A wraith (D:6)
  2 shadows (D:9)
  2 wyverns
  2 basilisks (D:8)
  8 yaks
  A steam dragon (D:6)
  A warg (D:7)
  6 water moccasins
  A sky beast (D:6)
  2 orc warriors
  An ice beast (D:5)
  A necrophage (D:6)
  4 wolves (Lair:1)
  A hornet zombie (D:6)
  6 ogres
  A phantom (D:6)
  5 centaurs
  6 kobold brigands
  3 elf zombies (Ossuary)
  9 bullfrogs
  5 scorpions
  5 gnoll sergeants
  A wyvern skeleton (D:5)
  A water moccasin skeleton (D:5)
  3 killer bees (D:9)
  3 wights (D:9)
  12 howler monkeys
  A bullfrog zombie (D:6)
  5 centaur zombies
  5 human zombies (Ossuary)
  11 hounds
  6 orc priests
  3 gnoll shamans
  6 iguanas
  11 orc wizards
  A hound skeleton (D:4)
  A hound zombie (D:5)
  3 mummies (Ossuary)
  16 gnolls
  6 adders
  A shadow imp (D:6)
  A white imp (D:3)
  2 dart slugs
  20 orcs
  6 ball pythons
  4 bats (D:2)
  8 endoplasms
  A giant cockroach (D:4)
  9 hobgoblins
  6 jackals (D:4)
  21 kobolds
  8 quokkas
  3 training dummies (D:8)
  2 frilled lizards
  A goblin skeleton (D:3)
  2 goblin zombies (D:3)
  2 hobgoblin zombies (D:3)
  A kobold skeleton (D:3)
  2 orc skeletons (D:3)
  An orc zombie (D:3)
  5 rats
283 creatures vanquished.

Vanquished Creatures (collateral kills)
  2 gnolls (D:5)
2 creatures vanquished.

Vanquished Creatures (others)
  A bullfrog (Lair:2)
  6 fungi
  22 plants
29 creatures vanquished.

Grand Total: 314 creatures vanquished

Notes
Turn   | Place    | Note
-------+----------+-------------------------------------------
     0 | D:1      | jt the Ghoul Monk began the quest for the Orb.
     0 | D:1      | Reached XP level 1. HP: 19/19 MP: 0/0
   259 | D:1      | Reached XP level 2. HP: 26/26 MP: 1/1
   281 | D:1      | Reached skill level 4 in Unarmed Combat
   546 | D:1      | Found a faded altar of an unknown god.
   550 | D:1      | Became a worshipper of Vehumet
   550 | D:1      | Reached * piety under Vehumet
   550 | D:1      | Offered knowledge of Foxfire by Vehumet.
   550 | D:1      | Reached ** piety under Vehumet
   693 | D:2      | Found Xoferghuodd's Magic Scroll Boutique.
   702 | D:2      | Offered knowledge of Poisonous Vapours by Vehumet.
   726 | D:2      | Reached skill level 1 in Armour
   726 | D:2      | Reached XP level 3. HP: 28/31 MP: 2/2
   805 | D:2      | Reached *** piety under Vehumet
   831 | D:2      | Learned a level 2 spell: Poisonous Vapours
  1119 | D:2      | Offered knowledge of Static Discharge by Vehumet.
  1328 | D:2      | Found Ecowokal's Jewellery Shoppe.
  1351 | D:2      | Found Nev Judier's Book Shop.
  1353 | D:2      | Offered knowledge of Iskenderun's Mystic Blast by Vehumet.
  1533 | D:2      | Reached XP level 4. HP: 31/38 MP: 3/3
  1673 | D:3      | Noticed a phantom
  2404 | D:3      | Reached **** piety under Vehumet
  2412 | D:3      | Reached skill level 5 in Unarmed Combat
  3021 | D:4      | Offered knowledge of Olgreb's Toxic Radiance by Vehumet.
  3022 | D:4      | Reached XP level 5. HP: 45/45 MP: 4/4
  3306 | D:4      | Found an ornate altar of the Wu Jian Council.
  3385 | D:4      | Found a staircase to the Ecumenical Temple.
  3421 | Temple   | Entered the Ecumenical Temple
  3552 | D:4      | Reached XP level 6. HP: 45/51 MP: 5/5
  3710 | D:4      | Found a snail-covered altar of Cheibriados.
  4063 | D:5      | Entered Level 5 of the Dungeon
  4104 | D:5      | Found a blossoming altar of Fedhas.
  4134 | D:5      | Reached skill level 6 in Unarmed Combat
  4178 | D:5      | Reached skill level 1 in Evocations
  4238 | D:5      | Found a sand-covered staircase.
  4313 | D:5      | Reached XP level 7. HP: 24/57 MP: 6/6
  4426 | Ossuary  | Entered an ossuary
  4700 | Ossuary  | Reached skill level 7 in Unarmed Combat
  4822 | Ossuary  | Reached XP level 8. HP: 64/66 MP: 7/7
  5214 | D:5      | Reached skill level 5 in Armour
  5480 | D:5      | Reached skill level 5 in Fighting
  5618 | D:5      | Reached ***** piety under Vehumet
  5772 | D:6      | Offered knowledge of Orb of Destruction by Vehumet.
  5875 | D:6      | Reached skill level 8 in Unarmed Combat
  6043 | D:6      | Reached XP level 9. HP: 71/75 MP: 8/8
  6904 | D:7      | Reached skill level 1 in Spellcasting
  6924 | D:7      | Learned a level 7 spell: Orb of Destruction
  7069 | D:7      | Noticed Maggie
  7073 | D:7      | Reached skill level 5 in Evocations
  7568 | D:6      | Reached skill level 9 in Unarmed Combat
  7850 | D:7      | Killed Maggie
  7851 | D:7      | Reached skill level 1 in Shields
  8958 | D:7      | Reached XP level 10. HP: 67/88 MP: 12/12
  9327 | D:7      | Found an iron altar of Okawaru.
  9528 | D:7      | Reached skill level 10 in Unarmed Combat
  9553 | D:7      | Noticed a cyclops
 10986 | D:7      | Reached skill level 5 in Shields
 11172 | D:8      | Found Izxyocew's Firing Range.
 11189 | D:8      | Offered knowledge of Iron Shot by Vehumet.
 11239 | D:8      | Found a sacrificial altar of Ru.
 11253 | D:8      | Noticed a cyan ugly thing
 11260 | D:8      | Killed a cyan ugly thing
 11414 | D:8      | Reached XP level 11. HP: 97/97 MP: 13/13
 11417 | D:8      | Found a staircase to the Lair.
 11423 | D:8      | Reached skill level 11 in Unarmed Combat
 11591 | D:8      | Noticed a two-headed ogre
 11596 | D:8      | Killed a two-headed ogre
 11597 | D:8      | Reached skill level 10 in Fighting
 11605 | Lair:1   | Entered Level 1 of the Lair of Beasts
 11878 | D:7      | Killed a cyclops
 12091 | D:2      | Bought a scroll of blinking for 90 gold pieces
 12091 | D:2      | Bought a scroll of blinking for 90 gold pieces
 12230 | Lair:1   | Noticed an eight-headed hydra
 12236 | Lair:1   | Killed an eight-headed hydra
 12463 | Lair:1   | Noticed a four-headed hydra
 13619 | Lair:2   | Noticed a catoblepas
 13690 | Lair:2   | Reached skill level 12 in Unarmed Combat
 15169 | D:9      | Noticed Anon1729's ghost (novice OpMo)
 15170 | D:9      | Found a transporter.
 15321 | D:9      | Found a transporter.
 15368 | D:9      | Reached skill level 1 in Axes
 15957 | D:10     | Entered Level 10 of the Dungeon
 16053 | D:10     | Noticed a two-headed ogre
 16054 | D:10     | Noticed a two-headed ogre
 16083 | D:10     | Mangled by a two-headed ogre

Illustrated notes

Levels and vault maps discovered:
D:1:      nzn_arrival_crosshair, layout_rooms,
          hellmonk_ecumenical_altar_heavens_door
D:2:      layout_basic, serial_shops, nicolae_shop_crystal, shop, shop,
          minmay_increasing_density
D:3:      layout_loops_corners, nicolae_tso_besieged_by_evil
D:4:      layout_loops_corners, mainiacjoe_overflow_catwalk_spiral,
          nicolae_wu_jian_immortal_techniques, minmay_temple_entry_stoned_glass
D:5:      layout_loops_cross, nicolae_overflow_crystal_walls,
          nicolae_ossuary_entry_false_entrances
D:6:      layout_gridville, minmay_misc_feat_five, minivault_22
D:7:      lemuel_castle_with_subvaults [lemuel_castle_interior_carwin_2],
          layout_rooms, mainiacjoe_overflow_alcove_2, uniq_maggie
D:8:      layout_loops_ring, mainiacjoe_overflow_six_doors_small,
          minmay_lair_entry_grove, minmay_liquid_box, nicolae_shop_firing_range
D:9:      layout_gridville, gammafunk_ghost_mausoleum,
          kennysheep_generic_room_14
D:10:     minmay_four_partial_circles, layout_basic
Temple:   minmay_freezing_vapour_temple
Lair:1:   layout_cave_pods
Lair:2:   layout_chaotic_city, serial_rivers, chequers_serial_rivers_micro_c,
          chequers_serial_rivers_room_b, chequers_serial_rivers_micro_a,
          chequers_serial_rivers_large_b, chequers_serial_rivers_micro_a,
          chequers_serial_rivers_micro_c, wad_woods_road_01,
          grunt_forest_stairs_basic, beast_lair_carwin_10

Skill      XL: |  1  2  3  4  5  6  7  8  9 10 11 |
---------------+----------------------------------+-----
Unarmed Combat | 4 5 6 7 8 9 10 12 | 12.2
Armour         | 1 2 3 4 5 |  5.0
Evocations     | 1 3 4 5 |  5.0
Fighting       | 4 5 7 9 11 | 11.1
Spellcasting   | 2 |  2.0
Shields        | 2 5 7 |  7.3
Axes           | 1 |  1.3
Dodging        | |  2.6
Stealth        | |  2.1

Action                   |  1- 3 |  4- 6 |  7- 9 | 10-12 || total
-------------------------+-------+-------+-------+-------++-------
Melee: Unarmed           |   115 |   243 |   447 |   557 ||  1362
       Punch             |     1 |     3 |    13 |       ||    17
       Spear             |       |       |       |     8 ||     8
 Fire: Hunting sling     |       |       |       |    18 ||    18
Throw: Stone             |     4 |     1 |       |       ||     5
       Dart              |       |     1 |     9 |    38 ||    48
       Boomerang         |       |       |     3 |     1 ||     4
Evoke: Wand              |       |       |     3 |    23 ||    26
       Piece from Xom's  |       |       |       |     6 ||     6
  Use: Scroll            |       |     8 |     8 |     7 ||    23
       Potion            |       |       |     9 |     4 ||    13
 Stab: Sleeping          |     1 |       |       |       ||     1
       Petrified         |       |       |       |     2 ||     2
       Paralysed         |       |       |       |     1 ||     1
Armor: Robe              |     3 |       |       |       ||     3
       Plate armour      |    66 |   160 |   254 |   282 ||   762
Dodge: Dodged            |    24 |    45 |    90 |    91 ||   250
Block: Kite shield       |       |       |    17 |   300 ||   317

Table legend: (Time is in decaauts)
 A = Elapsed time spent in this place.
 B = Non-inter-level travel time spent in this place.
 C = Inter-level travel time spent in this place.
 D = Time resting spent in this place.
 E = Time spent auto-exploring this place.
 F = Levels seen in this place.
 G = Mean time per level.
                   A        B        C        D        E       F      G
               +--------+--------+--------+--------+--------+-----+--------+
         Total |  16024 |  15000 |   1024 |   4904 |   5738 |  14 | 1144.6 |
       Dungeon |  13506 |  12525 |    981 |   3502 |   5463 |  10 | 1350.6 |
        Temple |      1 |      1 |      0 |      0 |      0 |   1 |    1.0 |
          Lair |   1982 |   1940 |     42 |   1109 |    234 |   2 |  991.0 |
       Ossuary |    534 |    534 |      0 |    292 |     41 |   1 |  534.0 |
               +--------+--------+--------+--------+--------+-----+--------+

Top non-repeatable levels by time:
     D:6: 3105 daAuts
     D:7: 2372 daAuts
  Lair:1: 1425 daAuts
     D:9: 1358 daAuts
     D:3: 1297 daAuts
     D:8: 1275 daAuts
     D:4: 1177 daAuts
     D:2: 1108 daAuts
     D:5: 1077 daAuts
     D:1: 609 daAuts
  Lair:2: 557 daAuts
 Ossuary: 534 daAuts
    D:10: 125 daAuts
  Temple: 1 daAuts
